 Dungeon Crawl Stone Soup version 0.19-a0-958-gd69d43c (webtiles) character file.

1134 George the Slasher (level 8, -9/61 HPs)
             Began as a Mummy Fighter on July 11, 2016.
             Was a Follower of Okawaru.
             Mangled by Prince Ribbit (10 damage)
             ... on level 6 of the Dungeon.
             The game lasted 00:09:35 (6636 turns).

George the Slasher (Mummy Fighter)                  Turns: 6636, Time: 00:09:36

Health: -9/61      AC: 14    Str: 22    XL:     8   Next: 14%
Magic:  8/10       EV: 11    Int:  7    God:    Okawaru [*.....]
Gold:   230        SH: 11    Dex: 11    Spells: 0 memorised, 7 levels left

rFire  x . .     SeeInvis .     a - +0 long sword
rCold  + . .     Gourm    .     b - +0 scale mail
rNeg   + + +     Faith    .     c - +0 shield
rPois  ∞         Spirit   .     f - +1 helmet
rElec  .         Dismiss  .     m - +2 cloak
rCorr  .         Reflect  .     (no gloves)
SustAt .         Harm     .     (no boots)
MR     +....                    (no amulet)
Stlth  ..........               (no ring)
                                i - ring of loudness (curse)

@: heroism, somewhat resistant to hostile enchantments, extremely unstealthy
A: no food or potions, fire vulnerability, cold resistance 1, negative energy
resistance 3, torment resistance, unbreathing
a: Heroism, Renounce Religion


You were on level 6 of the Dungeon.
You worshipped Okawaru.
Okawaru was aware of your devotion.
You were not hungry.

You visited 2 branches of the dungeon, and saw 7 of its levels.

You collected 230 gold pieces.

Inventory:

Hand Weapons
 a - a +0 long sword (weapon)
Armour
 b - a +0 scale mail (worn)
 c - a +0 shield (worn)
 f - a +1 helmet (worn)
 m - a +2 cloak (worn)
Jewellery
 i - a cursed ring of loudness (left hand)
Wands
 l - a wand of random effects (13/48)
Scrolls
 d - a scroll of identify
 e - a scroll of fear
 h - a scroll of teleportation
 j - a scroll of magic mapping
 k - a scroll of recharging
 n - a scroll of enchant armour {unknown}


   Skills:
 + Level 4.3(9.3) Fighting
 + Level 6.1(11.1) Long Blades
 + Level 3.6(8.6) Armour
 + Level 3.6(8.6) Shields
 + Level 2.6 Invocations


You had 7 spell levels left.
You didn't know any spells.

Dungeon Overview and Level Annotations

Branches:
Dungeon (6/15)             Temple (1/1) D:4

Altars:
Ashenzari
Cheibriados
Dithmenos
Elyvilon
Fedhas
Gozag
Hepliaklqana
Kikubaaqudgha
Makhleb
Okawaru
Pakellas
Qazlal
Ru
Sif Muna
Trog
Uskayaw
Vehumet
Xom
Yredelemnul
Zin
The Shining One

Annotations:
D:6 Prince Ribbit


Innate Abilities, Weirdness & Mutations

You do not eat or drink.
Your flesh is vulnerable to fire.
You are immune to poison.
Your flesh is cold resistant. (rC+)
You are immune to negative energy. (rN+++)
You are immune to unholy pain and torment.
You can survive without breathing.


Message History

You kill the giant gecko!
Okawaru accepts your kill.
You closely miss Prince Ribbit.
Prince Ribbit is heavily wounded.
Prince Ribbit hits you.
* * * LOW HITPOINT WARNING * * *
You barely miss Prince Ribbit.
Prince Ribbit is heavily wounded.
Prince Ribbit hops awkwardly around.
Prince Ribbit misses you.
You riposte.
You closely miss Prince Ribbit.
Prince Ribbit is heavily wounded.
You block the shadow imp's attack.
You slash Prince Ribbit!
Prince Ribbit is severely wounded.
Prince Ribbit hits you!
* * * LOW HITPOINT WARNING * * *
The shadow imp sputters.
The shadow imp hits you but does no damage.
Prince Ribbit hits you!
You die...

#. #.# #.### ### #...
#..$ ###..###### #...
#...?#.... #
###...##)#%.##.##.#..#
...........5@F....>.#
#..!.#.#..##.##.##.
#.........##.#
#....#.#.....#
####.....##### ####..#
#....# #.#### #.#


You could see Prince Ribbit and a shadow imp.

Vanquished Creatures
  A phantom (D:6)
  An ogre (D:4)
  A centaur (D:5)
  A giant frog (D:6)
  A howler monkey (D:6)
  A crimson imp (D:4)
  4 hounds
  An orc priest (D:4)
  A giant frog skeleton (D:6)
  6 orc wizards
  6 worker ants
  4 gnolls
  11 adders
  An ooze (D:2)
  An adder zombie (D:5)
  An adder skeleton (D:5)
  7 worms
  2 dart slugs (D:1)
  5 giant geckos
  10 orcs
  A ball python (D:1)
  6 bats
  6 giant cockroaches
  6 goblins (D:1)
  8 hobgoblins
  8 jackals
  5 quokkas
  5 giant newts
  A jackal skeleton (D:5)
  5 kobolds
  7 rats
124 creatures vanquished.

Vanquished Creatures (others)
  An adder (D:6)
1 creature vanquished.

Grand Total: 125 creatures vanquished

Notes
Turn   | Place    | Note
-------+----------+-------------------------------------------
     0 | D:1      | George the Mummy Fighter began the quest for the Orb.
     0 | D:1      | Reached XP level 1. HP: 18/18 MP: 1/1
   190 | D:1      | Reached skill level 2 in Long Blades
   431 | D:1      | Reached XP level 2. HP: 24/24 MP: 2/2
   630 | D:1      | You fall through a shaft!
   640 | D:2      | Reached skill level 3 in Long Blades
   640 | D:2      | Reached XP level 3. HP: 18/29 MP: 3/3
   972 | D:1      | Reached XP level 4. HP: 33/35 MP: 4/4
  1697 | D:1      | Reached skill level 4 in Long Blades
  1908 | D:2      | Found a faded altar of an unknown god.
  2610 | D:3      | Reached XP level 5. HP: 41/41 MP: 5/5
  2845 | D:3      | Noticed a moth of wrath
  2848 | D:3      | Found a bloodstained altar of Trog.
  3462 | D:4      | Found a staircase to the Ecumenical Temple.
  3496 | D:4      | Reached skill level 5 in Long Blades
  3702 | D:4      | Reached XP level 6. HP: 16/47 MP: 6/6
  3719 | Temple   | Entered the Ecumenical Temple
  3748 | Temple   | Became a worshipper of Warmaster Okawaru
  4932 | D:4      | Reached skill level 1 in Invocations
  5139 | D:4      | Reached XP level 7. HP: 51/52 MP: 7/7
  5214 | D:5      | Entered Level 5 of the Dungeon
  5220 | D:5      | Reached * piety under Okawaru
  5758 | D:5      | Found a sacrificial altar of Ru.
  6330 | D:6      | Reached skill level 6 in Long Blades
  6386 | D:6      | Reached XP level 8. HP: 24/60 MP: 9/9
  6595 | D:6      | Noticed Prince Ribbit
  6636 | D:6      | HP: 1/61 [Prince Ribbit (12)]
  6636 | D:6      | Mangled by Prince Ribbit

Vault maps used:
D:1:      dpeg_arrival_circle_labyrinth_a, st_stairs_13, kennysheep_another_room
D:2:      ecumenical_altar_1, first_bread, minivault_5
D:3:      kennysheep_nub, tgw_trog
D:5:      nicolae_ru_awakened_eye
D:6:      nemelex_altar_shiori, serial_glass, glass_columns_c, glass_columns_a,
          minmay_liquid_box, uniq_prince_ribbit1
Temple:   grunt_wide_crystal_templ

Skill      XL: |  1  2  3  4  5  6  7 |
---------------+----------------------+-----
Long Blades    | 2 3 4 5 6 |  6.1
Invocations    | 1 2 |  2.6
Armour         | 3 |  3.6
Shields        | 3 |  3.6
Fighting       | 4 |  4.3

Action                   |  1- 3 |  4- 6 |  7- 9 || total
-------------------------+-------+-------+-------++-------
Melee: Long sword        |   136 |   297 |   281 ||   714
Invok: Heroism           |       |       |     1 ||     1
  Use: Scroll            |       |     4 |     1 ||     5
Armor: Scale mail        |    68 |   101 |   129 ||   298
Dodge: Dodged            |    51 |    62 |    77 ||   190
Block: Shield            |    87 |   103 |   121 ||   311
